zaphack, chaotic female elven Wizard --- ------ |.-- -- .. . |..| ---.| . |. |..| ....| --|-.-+--..---- -....-- | --+---+-.G.......|...| ---......| +...............-.-.....------.......- |((.|... --+-%..|..........>.[.........-- ----- |.%@...-...|..----------)......| ........|@..|...|... |.......| ---+-------------.-... |......-- .. |... |......- --- ... |....... ....| |......- --.-- |.--...| -- |.| -..| |.| -.| |.- -- |. |. --- zaphack the Thaumaturge Experience level: 6 Strength: 9 Dexterity: 9 Constitution: 14 Intelligence: 17 Wisdom: 14 Charisma: 12 Health: 0(44) Energy: 53(62) Def: 6 Gold: 153 Moves: 2004 Dungeon seed: CGQ43yFQIfKkqUO6 Game ID: zaphack_1459368765 Your Inventory: Coins $ - 153 gold pieces Weapons a - a blessed +1 quarterstaff (weapon in hands) h - 7 cursed +0 daggers q - 3 uncursed +0 darts v - 18 uncursed +0 daggers F - 5 blessed +0 darts T - 4 cursed -1 daggers Armor e - an uncursed +0 cloak of magic resistance (being worn) n - an uncursed +0 pair of jumping boots (being worn) r - a blessed +3 orcish helm (being worn) y - an uncursed +1 dwarvish cloak D - an uncursed +0 dwarvish cloak K - a cursed -1 dwarvish cloak M - a blessed +1 dwarvish cloak W - a cursed -1 dwarvish cloak Y - an uncursed +0 dwarvish cloak Comestibles k - 2 uncursed sprigs of wolfsbane Wands d - an uncursed wand of nothing (0:8) l - an uncursed wand of slow monster (0:4) S - an uncursed wand of striking (0:5) Tools f - an uncursed tooled horn j - an uncursed expensive camera (0:39) u - an uncursed +0 pick-axe x - 2 blessed wax candles (0:400) B - an uncursed sack E - an uncursed tin whistle H - 6 uncursed tallow candles (0:200) O - an uncursed sack Gems z - an uncursed worthless piece of yellow glass J - 2 uncursed worthless pieces of blue glass L - an uncursed worthless piece of red glass N - an uncursed worthless piece of black glass Contents of the sack: 82 gold pieces an uncursed tripe ration an uncursed scroll of blank paper an uncursed scroll of create monster a blessed scroll of enchant weapon a cursed scroll of identify a cursed scroll of magic mapping an uncursed spellbook of extra healing a blessed spellbook of force bolt a cursed spellbook of jumping an uncursed potion of extra healing an uncursed potion of hallucination an uncursed potion of monster detection a cursed potion of sickness Spells and supernatural/magical abilities: Name Level Category Fail Memory a - force bolt 1 attack 0% 90% x - extra healing 3 healing 92% 90% W - pray for help -- divine ? -- Y - supernatural jump -- ability ? -- Your skills at the end: Miscellaneous Skills wands [Basic] Weapon Skills quarterstaff [Basic] Spellcasting Skills attack spells [Basic] enchantment spells [Basic] Final Attributes: You were devoutly aligned. You were sleep resistant. You were magic-protected. You had infravision. You could jump. You are dead. Vanquished creatures: a rock piercer 5 gnome lords 2 gnomish wizards a kobold mummy a kitten 8 dwarves a kobold lord an iguana a rabid rat a giant bat 3 dwarf zombies 2 hobbits a gecko a giant rat 24 gnomes 5 jackals a kobold 2 newts a goblin 2 grid bugs 3 lichens 67 creatures vanquished. Voluntary challenges: You did not adorn yourself with jewelry or accessories. You were an atheist. You used a wielded weapon 94 times, starting on turn 168. You did not apply a unicorn horn. You read items or engraved 2 times, starting on turn 1949. You never genocided any monsters. You never polymorphed an object. You never changed form. You used no wishes. You never split a pudding. You wrote Elbereth's name 2 times, starting on turn 1949. You violated your moral code, losing 1 point of alignment, starting on turn 2001. Dungeon overview: The Dungeons of Doom: levels 1 to 3 Level 1 a long staircase Level 2 a fountain stairs to The Gnomish Mines Level 3 The Gnomish Mines: levels 3 to 7 Level 3 stairs to The Dungeons of Doom Level 4 Level 5 Level 6 <- You were here a hardware shop Level 7 History has recorded: On T:1 you entered the Dungeons of Doom to retrieve the Amulet of Yendor! On T:193 you reached level 2 of The Dungeons of Doom. On T:452 you advanced to experience level 2. On T:693 you reached level 3 of The Dungeons of Doom. On T:724 you reached level 1 of The Gnomish Mines. On T:730 you advanced to experience level 3. On T:773 you advanced to experience level 4. On T:818 you reached level 2 of The Gnomish Mines. On T:1164 you advanced to experience level 5. On T:1385 you reached level 3 of The Gnomish Mines. On T:1626 you advanced to experience level 6. On T:1854 you reached level 5 of The Gnomish Mines. On T:1882 you reached level 4 of The Gnomish Mines. Score breakdown: Gold: 235 ( 23 points) Experience: 6 levels ( 500 points) Exploration: 7 levels ( 180 points) Discoveries: 5 items ( 250 points) Variety of kills: 21 monsters ( 1050 points) Major goal: (nothing yet) ( 0 points) Survival: died (score multiplied by 3) Total score: 6009 Latest messages: Lambert punches you! (2x) You die... The sack is empty. The sack is empty. Final status: Goodbye zaphack the Wizard, killed by a watch captain called "Lambert"... You died in The Gnomish Mines on dungeon level 6 with 6009 points, and 235 pieces of gold, after 2004 moves. You were level 6 with a maximum of 44 hit points when you died.